 Dungeon Crawl Stone Soup version 0.29.1-15-g9cfb28693d (webtiles) character file.

Game seed: 1089690157510156925

7 hawla the Firebug (level 2, -5/19 (20) HPs)
             Began as a Meteoran Fire Elementalist on Apr 27, 2023.
             Slain by a wight
             ... wielding a +0 hand axe
              (7 damage)
             ... on level 2 of the Dungeon.
             The game lasted 00:01:24 (142 turns).

hawla the Firebug (Meteoran Fire Elementalist)       Turns: 142, Time: 00:01:25

HP:   -5/19 (20)    AC:  2    Str:  9    XL:     2   Next: 17%
MP:   5/6           EV: 12    Int: 16    God:
Gold: 11            SH:  0    Dex: 14    Spells: 5/6 levels left

rFire   . . .      SeeInvis .   (no weapon)
rCold   . . .      Faith    .   (no shield)
rNeg    . . .      Spirit   .   a - +0 robe
rPois   .          Reflect  .   (no helmet)
rElec   .          Harm     .   (no cloak)
rCorr   .          Rampage  .   (no gloves)
Will    .....                   (no boots)
Stlth   +.........              (no amulet)
HPRegen 0.06/turn               (no ring)
MPRegen 0.10/turn               (no ring)

@: about to teleport, glowing, drained
A: sense surroundings 1, otherworldly, glowing, explore regen
a: no special abilities


You were on level 2 of the Dungeon.
You visited 1 branch of the dungeon, and saw 3 of its levels.

You collected 11 gold pieces.

Inventory:

Armour
 a - a +0 robe (worn)
Potions
 b - a potion of magic


   Skills:
 + Level 2.4 Dodging
 - Level 1.4 Stealth
 + Level 2.6 Spellcasting
 + Level 1.2 Conjurations
 + Level 4.2 Fire Magic


You had 5 spell levels left.
You knew the following spells:

 Your Spells              Type           Power      Damage    Failure   Level
a - Foxfire               Conj/Fire      40%        2x1d6     6%          1

Your spell library contained the following spells:

 Spells                   Type           Power      Damage    Failure   Level
 Scorch                   Fire           30%        2d6       4%          2
 Beastly Appendage        Tmut           4%         N/A       19%         1
 Conjure Flame            Conj/Fire      10%        6-21      19%         3
 Inner Flame              Hex/Fire       8%         N/A       24%         3
 Wereblood                Tmut           2%         N/A       28%         2
 Spider Form              Tmut/Pois      2%         N/A       50%         3
 Flame Wave               Conj/Fire      10%        2d6       54%         4


Dungeon Overview and Level Annotations

Branches:
Dungeon (3/15) Zot: 1656

Altars:


Innate Abilities, Weirdness & Mutations

You passively map a small area around you.
You are easily found by Zot.
You glow in the dark.
You regain HP and MP as you explore.


Message History

There is a stone staircase leading down here.
You climb downwards.
Magic restored.
Found a crooked bronze wand, a hand axe and a scroll labelled IBOARH GAILIMMA.
Found a stone staircase leading up.
There is a stone staircase leading up here.
The wight misses you.
You climb upwards.
There is a stone staircase leading down here.
Casting: Foxfire (safe; 6% risk of failure)
Confirm with . or Enter, or press ? or * to list all spells.
You conjure some foxfire!
The wight hits you with a +0 hand axe. The wight barely misses your foxfire.
Casting: Foxfire (safe; 6% risk of failure)
Confirm with . or Enter, or press ? or * to list all spells.
You don't know that spell.
The foxfire hits the wight.
The wight is lightly damaged.
The foxfire hits the wight but does no damage.
The wight is lightly damaged.
The wight misses you. The wight hits you with a +0 hand axe.
You feel drained.
Casting: Foxfire (safe; 6% risk of failure)
Confirm with . or Enter, or press ? or * to list all spells.
You conjure some foxfire!
The wight barely misses you.
The wight hits your foxfire with a +0 hand axe!
Okay, then.
Casting: Foxfire (safe; 6% risk of failure)
Confirm with . or Enter, or press ? or * to list all spells.
You don't know that spell.
You closely miss the wight.
The wight is lightly damaged.
The foxfire hits the wight but does no damage.
The wight is lightly damaged.
The foxfire hits the wight but does no damage.
The wight is lightly damaged.
The wight hits you with a +0 hand axe.
* * * LOW HITPOINT WARNING * * *
As you read the scroll of teleportation, it crumbles to dust.
You feel strangely unstable. The wight hits you with a +0 hand axe!
You die...

, * #######*### ,, .....
,..# * * #..# #.# *
###..####ยง####### ###
#.......>@.......
,....,*#.#..####z.##.##.
###..##.#).......#* ,
........)..#####...
..#.###.#### ..##* ... *
#.# ..# * .....##.######
...,, .............#
*#.## .............# * *


You could see a wight.

Vanquished Creatures
  2 goblins (D:2)
  A kobold (D:1)
  A quokka (D:1)
  A ball python (D:1)
  A frilled lizard (D:1)
6 creatures vanquished.

Vanquished Creatures (others)
  17 foxfires
17 creatures vanquished.

Grand Total: 23 creatures vanquished

Notes
Turn   | Place    | Note
-------+----------+-------------------------------------------
     0 | D:1      | hawla the Meteoran Fire Elementalist began the quest for
                  | the Orb.
     0 | D:1      | Reached XP level 1. HP: 14/14 MP: 5/5
    96 | D:1      | Reached skill level 4 in Fire Magic
   107 | D:1      | You fall into a shaft and drop 1 floor!
   118 | D:2      | Reached XP level 2. HP: 18/20 MP: 4/6
   134 | D:3      | Noticed a wight
   134 | D:3      | Noticed a wight
   134 | D:3      | Noticed a wight
   142 | D:2      | Slain by a wight

Illustrated notes

Levels and vault maps discovered:
D:1:      scummos_arrival_simple_crosswalls, layout_loops_cross, serial_forest,
          infiniplex_forest_clump_C, infiniplex_forest_clump_curved,
          infiniplex_forest_clump_double, infiniplex_forest_straight_1,
          infiniplex_forest_clump_small, infiniplex_forest_clump_C,
          infiniplex_forest_clump_double
D:2:      layout_loops_cross, ebering_ecumenical_altar_hall,
          roderic_serpentine_path, uniq_terence
D:3:      minmay_skewed_foursquare, layout_basic, okawaru_metal_pillars_1_2,
          roderic_batcave, pf_guarded_unrand_woodcutter

Skill      XL: |  1 |
---------------+----+-----
Fire Magic     | 4 |  4.2
Dodging        | |  2.4
Stealth        | |  1.4
Spellcasting   | |  2.6
Conjurations   | |  1.2

Action                   || total
-------------------------++-------
Melee: Unarmed           ||     3
 Cast: Foxfire           ||    10
  Use: Scroll            ||     3
Armor: Robe              ||     2
Dodge: Dodged            ||     6
